Map: Deathaura LE

Players

Arctur

  • Race: Terran Terran
  • Spawn Location: 5:00

Lambo - Winner!

  • Race: Zerg Zerg
  • League: Master
  • Spawn Location: 11:00

Event: DreamHack SC2 Masters 2020 Fall

VOD

Have the link to the VOD?

Description

Time

  • Played on: Sept. 4, 2020, 12:34 p.m.
  • Length: 14:01

All games in this series

Show
View Real Time Build Order
Export as new Build Order

Arctur Terran 

Build Orders: Liberator Opening, Reaper Expand 

Get SALT Encoding   

  12  0:00  SCV  
  13  0:12  SCV  
  14  0:17  Supply Depot  
  14  0:24  SCV  
  15  0:38  SCV  
  15  0:40  Barracks  
  16  0:43  Refinery  
  16  0:50  SCV  
  17  1:02  SCV  
  18  1:14  SCV  
  19  1:27  Reaper  
  19  1:28  Orbital Command  
  20  1:40  Command Center  
  20  1:49  Supply Depot  
  20  1:55  SCV  
  20  1:59  Marine  
  22  2:06  Factory  
  22  2:09  SCV  
  23  2:16  Refinery  
  23  2:21  SCV  
  23  2:22  Barracks Reactor  
  24  2:33  SCV  
  25  2:45  SCV  
  26  2:52  Orbital Command  
  26  2:54  Starport  
  26  2:57  SCV  
  27  3:04  Hellion  
  27  3:05  Hellion  
  31  3:09  SCV  
  32  3:17  Supply Depot  
  32  3:18  SCV  
  33  3:21  SCV  
  33  3:26  Hellion x2  
  38  3:31  Liberator  
  38  3:32  SCV  
  38  3:33  SCV  
  43  3:39  Armory  
  43  3:43  Supply Depot  
  43  3:45  SCV x2  
  45  3:53  Hellion x2  
  49  3:57  SCV  
  49  3:58  SCV  
  51  4:03  Barracks Tech Lab  
  51  4:09  SCV  
  52  4:10  SCV  
  52  4:14  Hellion x2  
  52  4:15  Liberator  
  60  4:22  SCV x2, Supply Depot  
  62  4:31  Stimpack  
  62  4:43  SCV, Marine  
  62  4:44  Supply Depot  
  64  4:48  Command Center  
  64  4:50  SCV, Hellion x5  
  65  4:53  Factory Tech Lab  
  65  4:56  SCV  
  64  5:02  SCV  
  64  5:03  Marine  
  64  5:06  Starport Reactor  
  62  5:08  SCV, Barracks x2  
  62  5:12  Siege Tank  
  66  5:14  SCV  
  66  5:15  Refinery  
  66  5:17  Engineering Bay  
  67  5:21  Marine  
  67  5:23  SCV  
  67  5:25  Engineering Bay, Refinery  
  67  5:35  SCV  
  67  5:39  SCV, Marine  
  67  5:44  Supply Depot  
  67  5:47  SCV  
  68  5:52  Starport Reactor, Terran Infantry Weapons Level 1, Terran Infantry Armor Level 1  
  68  5:53  SCV  
  68  5:55  Marine x2  
  71  5:57  Marine  
  71  6:00  SCV, Barracks  
  71  6:01  Orbital Command  
  71  6:03  Barracks  
  73  6:05  SCV  
  73  6:08  Marine x2  
  73  6:10  Siege Tank  
  79  6:12  SCV  
  79  6:13  Marine x2  
  79  6:14  Marine  
  83  6:20  Combat Shield  
  83  6:21  SCV  
  83  6:24  SCV  
  83  6:25  Orbital Command  
  85  6:26  Marine x2  
  85  6:29  Medivac  
  85  6:31  Marine  
  85  6:32  Medivac  
  92  6:33  SCV  
  92  6:37  Marine x2  
  92  6:38  SCV  
  96  6:44  Supply Depot, Marine  
  96  6:45  SCV, Supply Depot  
  98  6:49  Barracks Reactor x2  
  98  6:50  SCV  
  98  6:51  SCV  
  100  6:56  Marine  
  100  6:57  Refinery  
  101  7:06  SCV x3, Marine x4, Siege Tank  
  111  7:11  Supply Depot  
  111  7:12  Supply Depot  
  111  7:14  Marine  
  112  7:18  SCV x3  
  115  7:23  Marine  
  99  7:37  Marine x2  
  99  7:38  Marine x6  
  99  7:39  Medivac x2, Siege Tank  
  99  7:41  Marine  
  99  7:42  Supply Depot  
  99  7:43  Refinery  
  109  7:48  Terran Infantry Armor Level 2  
  109  7:55  Marine x5  
  109  7:57  Terran Infantry Weapons Level 2  
  109  7:58  Marine x3  
  115  7:59  Marine  
  115  8:04  Command Center  
  113  8:12  Siege Tank  
  116  8:13  Marine x5  
  116  8:16  Marine x3  
  116  8:17  Marine  
  125  8:23  Factory  
  125  8:26  Bunker  
  126  8:27  SCV x2  
  126  8:29  Terran Vehicle Weapons Level 1, Supply Depot  
  126  8:31  Marine x5  
  126  8:33  Marine  
  126  8:34  Marine  
  134  8:36  Marine x2  
  134  8:41  Medivac x2  
  140  8:49  Marine  
  140  8:50  Marine x4, Siege Tank  
  140  8:51  Marine  
  149  8:55  Supply Depot  
  149  8:57  Supply Depot  
  149  8:58  Supply Depot  
  149  9:16  Marine x6  
  155  9:20  Marine x3  
  155  9:22  Medivac  
  155  9:23  Medivac  
  162  9:28  Siege Tank  
  162  9:29  Command Center, Factory Tech Lab  
  148  9:34  Marine x3  
  148  9:41  Barracks  
  148  9:42  Barracks  
  148  9:43  Barracks  
  130  9:45  Marine x2  
  130  9:46  Marine x4  
  130  9:51  SCV x3, Marine x3  
  142  9:54  Siege Tank  
  145  10:00  Siege Tank  
  145  10:03  Marine x4  
  145  10:04  Planetary Fortress, Marine  
  145  10:05  SCV x3  
  149  10:14  Terran Infantry Weapons Level 3, Terran Infantry Armor Level 3  
  149  10:15  Marine x2  
  151  10:21  Marine x2  
  151  10:22  Marauder, Marine  
  151  10:26  Siege Tank  
  151  10:28  SCV  
  160  10:30  SCV, Sensor Tower  
  160  10:31  Barracks Tech Lab x2  
  160  10:32  Siege Tank  
  164  10:37  Marine  
  161  10:44  SCV x2, Marauder  
  164  10:56  Marine x8  
  159  10:58  SCV, Siege Tank  
  159  10:59  SCV  
  159  11:00  SCV x2  
  159  11:04  Marauder, Marine, Siege Tank  
  162  11:09  Marauder  
  162  11:10  SCV, Concussive Shells  
  167  11:14  Marine x4, Barracks Tech Lab  
  167  11:15  SCV x2  
  173  11:18  Terran Vehicle Weapons Level 2  
  173  11:20  Ghost Academy  
  173  11:25  Marine  
  173  11:26  Marine  
  173  11:28  SCV  
  173  11:30  Marauder, Siege Tank  
  183  11:34  Marine x3  
  183  11:36  Medivac, Siege Tank  
  183  11:37  Medivac  
  183  11:39  Marine x2  
  193  11:40  Marauder  
  174  12:00  Marauder, Marine x2  
  174  12:01  Marauder, Marine x4  
  153  12:03  Siege Tank  
  153  12:06  Marauder, Marine x2  
  160  12:08  Siege Tank  
  160  12:12  Marine  
  157  12:22  Marauder  
  156  12:26  Marine x2  
  156  12:27  Marauder, Marine x3  
  156  12:28  Marine  
  142  12:34  Marauder, Marine  
  142  12:35  Marine, Siege Tank  
  145  12:40  Siege Tank  
  145  12:42  Marauder  
  145  12:43  Marine  
  147  12:44  Marine x3  
  147  12:49  Marine x3  
  147  12:50  Marauder  
  155  12:52  Marine  
  156  13:03  Ghost  
  154  13:07  Siege Tank  
  154  13:10  Marine x2  
  154  13:11  SCV, Marauder  
  121  13:15  Marauder, Marine x6  
  121  13:16  Marauder, Siege Tank  
  121  13:17  Medivac x2  
  81  13:28  Marine x2  
  78  13:32  Marauder, Marine  
  78  13:33  Marine x5  
  78  13:37  Marauder x2  
Show
View Real Time Build Order
Export as new Build Order

Lambo Zerg - Winner!

Build Orders: Hatch First 

Get SALT Encoding   

  12  0:00  Drone  
  13  0:12  Overlord  
  13  0:16  Drone  
  14  0:30  Drone x2  
  16  0:47  Hatchery  
  15  0:51  Drone  
  15  0:55  Drone  
  17  0:59  Drone  
  18  1:12  Spawning Pool  
  18  1:15  Extractor  
  18  1:16  Drone  
  17  1:20  Drone  
  18  1:28  Drone  
  19  1:39  Drone  
  20  1:49  Overlord  
  20  1:59  Queen x2  
  20  2:00  Zergling x4  
  26  2:10  Drone  
  26  2:11  Drone  
  28  2:21  Metabolic Boost  
  28  2:23  Drone x2  
  30  2:38  Hatchery  
  30  2:41  Drone  
  30  2:45  Drone x2  
  30  2:50  Overlord  
  32  2:56  Queen  
  34  2:59  Drone  
  34  3:02  Drone  
  36  3:07  Overlord  
  36  3:10  Drone x2  
  38  3:13  Drone  
  38  3:14  Drone  
  40  3:20  Queen  
  40  3:22  Drone  
  43  3:27  Drone x2  
  43  3:30  Drone  
  43  3:33  Queen  
  48  3:42  Overlord  
  48  3:45  Zergling x6  
  51  3:52  Zergling x4  
  51  3:53  Zergling x2, Queen  
  56  4:00  Overlord  
  56  4:02  Drone x2  
  58  4:05  Drone x2  
  58  4:07  Drone  
  61  4:11  Drone x2  
  61  4:13  Overlord  
  61  4:15  Overlord  
  61  4:16  Drone x2  
  65  4:20  Queen  
  67  4:24  Spore Crawler  
  67  4:27  Spore Crawler  
  67  4:30  Drone x2  
  67  4:34  Spore Crawler  
  67  4:35  Drone x3  
  69  4:38  Drone  
  70  4:46  Drone x5  
  75  4:53  Zergling x6  
  75  4:58  Drone x2  
  77  5:01  Drone x4  
  77  5:02  Drone  
  79  5:07  Lair, Drone  
  79  5:11  Extractor  
  79  5:12  Zergling x2  
  77  5:17  Drone  
  77  5:19  Zergling x2  
  78  5:22  Drone  
  78  5:23  Evolution Chamber  
  78  5:24  Drone  
  78  5:25  Evolution Chamber  
  78  5:31  Drone  
  78  5:34  Drone x4  
  82  5:38  Drone x2  
  82  5:42  Drone  
  83  5:43  Extractor  
  83  5:45  Drone x4  
  83  5:46  Baneling Nest  
  83  5:47  Drone  
  86  5:50  Zerg Melee Weapons Level 1, Zerg Ground Armor Level 1  
  86  5:53  Drone, Extractor  
  86  5:54  Extractor  
  85  5:57  Drone x2  
  85  5:59  Hatchery  
  85  6:05  Extractor  
  85  6:06  Drone x4  
  85  6:07  Hatchery, Pneumatized Carapace  
  85  6:10  Drone  
  88  6:17  Zergling x2  
  89  6:22  Overlord  
  89  6:25  Overlord  
  89  6:27  Overlord  
  89  6:28  Overlord  
  89  6:29  Centrifical Hooks  
  89  6:36  Overlord  
  89  6:38  Overlord  
  89  6:39  Overlord  
  89  6:40  Zergling x4  
  89  6:41  Zergling x4, Overlord, Baneling x4  
  89  6:45  Zergling x6  
  96  6:50  Zergling x6, Hydralisk Den  
  96  6:53  Zergling x8  
  102  6:55  Zergling x2  
  103  7:02  Queen  
  103  7:03  Zergling x8  
  103  7:07  Baneling x2  
  109  7:08  Zergling x2  
  109  7:11  Queen  
  109  7:13  Zergling x4  
  109  7:15  Zergling x4  
  116  7:16  Baneling x7  
  116  7:18  Zergling x6, Baneling  
  116  7:19  Zergling x2  
  116  7:22  Zergling x10  
  125  7:27  Zergling x2  
  125  7:29  Overlord  
  124  7:30  Zergling x2  
  124  7:31  Zergling x6  
  124  7:35  Zergling x4  
  113  7:42  Muscular Augments  
  113  7:43  Drone x7  
  120  7:47  Infestation Pit  
  120  7:49  Drone x7  
  126  7:53  Drone x3  
  129  7:59  Zerg Ground Armor Level 2  
  129  8:00  Zerg Melee Weapons Level 2  
  129  8:02  Drone  
  125  8:10  Extractor  
  125  8:12  Overlord  
  124  8:14  Overseer  
  124  8:16  Hydralisk x3  
  130  8:20  Hatchery  
  130  8:21  Zergling x12  
  130  8:23  Overlord  
  135  8:29  Hydralisk x3  
  135  8:34  Zergling x6, Hive  
  141  8:40  Zergling x14  
  151  8:43  Hydralisk, Baneling  
  151  8:44  Baneling x2  
  153  8:49  Zergling x4  
  153  8:50  Zergling x10  
  153  8:52  Baneling x5  
  153  8:54  Grooved Spines  
  160  8:57  Zergling x14  
  160  9:01  Zergling x10  
  170  9:11  Zergling x8  
  170  9:16  Overlord  
  174  9:18  Overlord  
  174  9:19  Overlord  
  174  9:20  Baneling x7  
  174  9:21  Overlord x2  
  174  9:23  Overlord  
  174  9:24  Overlord  
  174  9:29  Zergling x2  
  174  9:31  Zergling x14  
  166  9:36  Zergling x16  
  174  9:41  Zergling x12  
  175  9:50  Hydralisk x3  
  175  9:51  Hydralisk  
  175  9:52  Hydralisk  
  183  9:57  Ultralisk Cavern  
  184  10:01  Hatchery  
  183  10:10  Viper x3  
  191  10:25  Zerg Melee Weapons Level 3, Zerg Ground Armor Level 3  
  191  10:26  Overseer  
  191  10:29  Zergling x16  
  191  10:30  Hatchery  
  191  10:34  Baneling x9  
  198  10:39  Baneling x10  
  198  10:41  Zergling x4  
  199  10:47  Zergling x2  
  199  10:53  Zergling x6  
  195  10:57  Zergling x10  
  195  11:01  Zergling x14  
  195  11:04  Chitinous Plating  
  194  11:05  Overseer  
  194  11:10  Zergling x24  
  199  11:33  Spire  
  199  11:35  Zergling x4  
  193  11:50  Baneling  
  193  11:51  Baneling x10  
  174  11:55  Zergling x54  
  174  12:00  Zergling x2  
  182  12:09  Zergling x20  
  182  12:10  Zergling x6  
  182  12:15  Zergling x10  
  198  12:18  Zergling x4  
  199  12:22  Anabolic Synthesis  
  194  12:30  Zergling x10  
  194  12:32  Baneling x9  
  194  12:33  Baneling x3  
  194  12:36  Baneling x9  
  199  12:40  Baneling x15  
  199  12:44  Baneling x10  
  199  12:50  Zergling x8  
  199  12:52  Baneling x9  
  194  13:08  Zergling x12  
  194  13:09  Zergling x12, Ultralisk x2  
  194  13:12  Zergling x22  
  200  13:19  Zergling x2, Ultralisk  

Tags
 
Add a new tag
Caveats
  • Supply blocks, unpowered buildings, or Contaminate may cause inaccurate times.
  • Supply counts are checked every 10 seconds.